Map: Emerald City LE

Players

Massa

  • Race: Protoss Protoss
  • League: Platinum
  • Spawn Location: 5:00

qqq

  • Race: Terran Terran
  • Spawn Location: 5:00

Blueburger - Winner!

  • Race: Terran Terran
  • League: Gold
  • Spawn Location: 11:00

SteakRamsay - Winner!

  • Race: Zerg Zerg
  • Spawn Location: 11:00

VOD

Have the link to the VOD?

Description

Time

  • Played on: Nov. 6, 2020, 12:31 p.m.
  • Length: 8:37
Show
View Real Time Build Order
Export as new Build Order

Massa Protoss 

Build Orders:  

Get SALT Encoding   

  12  0:00  Probe  
  13  0:12  Probe  
  14  0:22  Pylon  
  14  0:24  Probe  
  15  0:40  Probe (Chrono Boost)  
  16  0:47  Assimilator  
  16  0:52  Probe (Chrono Boost)  
  17  1:00  Probe (Chrono Boost)  
  17  1:01  Gateway  
  18  1:09  Probe  
  19  1:21  Probe  
  20  1:27  Nexus  
  20  1:35  Pylon  
  20  1:48  Probe (Chrono Boost), Assimilator  
  21  1:58  Probe (Chrono Boost)  
  22  2:05  Gateway  
  22  2:16  Cybernetics Core  
  22  2:21  Probe (Chrono Boost)  
  23  2:33  Probe (Chrono Boost)  
  24  2:51  Stalker (Chrono Boost)  
  28  3:00  Probe x2, Stalker (Chrono Boost)  
  30  3:12  Probe (Chrono Boost), Stalker  
  32  3:15  Probe (Chrono Boost)  
  34  3:22  Stalker  
  34  3:23  Probe (Chrono Boost)  
  38  3:27  Probe (Chrono Boost)  
  38  3:30  Warp Gate  
  38  3:37  Assimilator  
  38  3:38  Probe x2  
  40  3:48  Pylon  
  40  3:50  Probe x2 (Chrono Boost)  
  42  3:59  Stalker x2  
  42  4:00  Assimilator  
  46  4:08  Probe (Chrono Boost)  
  46  4:09  Pylon  
  48  4:10  Probe (Chrono Boost)  
  48  4:20  Twilight Council  
  48  4:24  Probe (Chrono Boost)  
  48  4:29  Probe (Chrono Boost), Stalker x2  
  54  4:35  Probe (Chrono Boost)  
  56  4:38  Probe (Chrono Boost)  
  56  4:48  Probe  
  56  4:50  Probe  
  58  4:59  Stalker x2  
  62  5:10  Nexus  
  62  5:12  Pylon  
  62  5:17  Blink  
  62  5:24  Protoss Air Weapons Level 1  
  62  5:30  Stalker x2  
  62  5:32  Probe x2 (Chrono Boost)  
  68  5:37  Probe x2 (Chrono Boost)  
  68  5:38  Pylon  
  68  5:41  Pylon  
  70  5:48  Stargate  
  70  5:56  Probe x2  
  72  6:00  Stalker x2  
  76  6:08  Probe x2  
  78  6:19  Pylon  
  78  6:20  Probe, Pylon  
  78  6:21  Pylon  
  79  6:30  Stalker x2  
  79  6:32  Assimilator  
  83  6:35  Phoenix  
  85  6:44  Shield Battery  
  85  6:52  Probe x2 (Chrono Boost)  
  85  6:53  Probe (Chrono Boost)  
  88  6:59  Stalker x2  
  94  7:02  Probe x3 (Chrono Boost)  
  94  7:06  Probe (Chrono Boost)  
  96  7:18  Robotics Facility  
  72  7:53  Pylon  
  72  7:55  Pylon x2  
  70  8:08  Gateway  
  70  8:11  Gateway  
  68  8:14  Gateway  
  68  8:18  Gateway  
  58  8:22  Pylon  
  58  8:24  Pylon  
  58  8:25  Nexus  
  58  8:26  Pylon  
  58  8:29  Pylon  
  58  8:31  Pylon  
  37  8:35  Pylon  
Show
View Real Time Build Order
Export as new Build Order

qqq Terran 

Build Orders:  

Get SALT Encoding   

  12  0:01  SCV  
  13  0:15  SCV  
  14  0:23  Supply Depot  
  14  0:27  SCV  
  15  0:44  SCV  
  16  0:50  Barracks  
  16  0:56  SCV  
  17  1:03  Refinery  
  17  1:08  Refinery  
  17  1:10  SCV  
  18  1:22  SCV  
  19  1:34  SCV  
  20  1:41  Marine  
  20  1:43  Supply Depot  
  20  1:46  SCV  
  22  1:58  SCV  
  23  2:10  SCV  
  24  2:20  Command Center  
  25  2:22  SCV  
  25  2:25  Reaper  
  25  2:35  SCV  
  26  2:45  Factory  
  26  2:57  Reaper  
  27  3:01  Engineering Bay  
  27  3:03  Orbital Command  
  27  3:39  SCV  
  28  3:44  Starport  
  28  3:51  Factory Tech Lab, SCV  
  28  3:53  Terran Infantry Weapons Level 1  
  29  3:59  SCV  
  30  4:03  SCV  
  31  4:11  SCV  
  31  4:12  Siege Tank  
  31  4:15  SCV  
  36  4:23  SCV, Barracks  
  37  4:27  SCV  
  37  4:29  Barracks Reactor  
  38  4:35  SCV  
  39  4:39  SCV  
  39  4:44  Starport Reactor  
  39  4:48  Refinery  
  39  4:51  SCV  
  40  4:55  Engineering Bay  
  40  5:00  Siege Tank  
  44  5:11  Orbital Command  
  44  5:13  Supply Depot  
  43  5:14  Refinery  
  43  5:26  Medivac  
  45  5:33  Supply Depot  
  45  5:34  Medivac  
  47  5:38  Marine x2  
  47  5:40  Barracks Reactor  
  49  5:47  Terran Infantry Armor Level 1  
  49  5:51  Barracks  
  49  5:56  Marine x2, Viking, Supply Depot  
  53  6:04  SCV  
  54  6:14  Marine x2  
  54  6:16  SCV  
  57  6:19  Armory  
  57  6:22  Supply Depot  
  57  6:25  Barracks  
  57  6:28  SCV  
  57  6:31  Marine  
  57  6:32  SCV  
  60  6:40  SCV  
  60  6:42  Barracks Tech Lab  
  60  6:44  SCV, Supply Depot  
  62  6:52  SCV, Medivac x2  
  67  6:56  SCV, Marine x3  
  67  6:57  Marine  
  72  7:04  SCV  
  72  7:07  Supply Depot  
  73  7:14  Marine  
  74  7:16  SCV  
  74  7:21  Siege Tank  
  74  7:22  Medivac  
  80  7:28  SCV  
  78  7:41  SCV  
  76  7:45  Marine x2  
  76  7:46  Marauder  
  77  8:02  Marine x2  
  77  8:03  Marine x2  
  81  8:08  Marauder  
Show
View Real Time Build Order
Export as new Build Order

Blueburger Terran - Winner!

Build Orders: Reaper Expand 

Get SALT Encoding   

  12  0:00  SCV  
  13  0:12  SCV  
  14  0:18  Supply Depot  
  14  0:24  SCV  
  15  0:40  SCV, Barracks  
  16  0:47  Refinery  
  16  0:52  SCV  
  17  1:04  SCV  
  18  1:16  SCV  
  19  1:29  Orbital Command  
  19  1:31  Reaper  
  20  1:54  SCV  
  20  1:58  Command Center  
  21  2:12  SCV  
  21  2:27  SCV  
  22  2:34  Factory  
  22  2:38  Barracks Reactor  
  22  2:40  Refinery, SCV  
  22  2:41  Supply Depot  
  23  3:03  SCV  
  24  3:10  Orbital Command  
  24  3:15  SCV  
  25  3:24  Marine x2  
  25  3:27  Factory Tech Lab, SCV  
  27  3:29  Starport  
  28  3:36  Supply Depot  
  28  3:39  SCV  
  29  3:41  Marine  
  29  3:42  Marine  
  30  3:51  SCV  
  30  3:53  Widow Mine  
  33  3:56  SCV  
  34  4:05  Barracks, Marine x2  
  34  4:07  Barracks  
  36  4:11  SCV  
  36  4:12  SCV  
  36  4:15  Viking  
  40  4:32  Marine x2  
  40  4:33  Siege Tank  
  40  4:36  SCV x2  
  47  4:41  Engineering Bay  
  47  4:42  Refinery  
  47  4:46  Starport Reactor  
  47  4:48  SCV x2  
  47  4:50  Marine x2  
  51  4:55  Supply Depot  
  51  4:58  Supply Depot  
  51  5:00  Barracks Reactor, SCV  
  51  5:02  Barracks Tech Lab  
  52  5:07  SCV  
  52  5:12  SCV  
  54  5:18  Siege Tank  
  54  5:19  SCV  
  54  5:20  Terran Infantry Weapons Level 1  
  58  5:22  Stimpack  
  58  5:24  SCV  
  59  5:31  SCV  
  59  5:35  Marine x3  
  63  5:36  SCV  
  63  5:37  Marine x2  
  63  5:40  Medivac x2  
  70  5:49  Supply Depot  
  70  5:51  Supply Depot  
  70  6:00  Supply Depot  
  70  6:01  Missile Turret  
  70  6:03  Missile Turret  
  70  6:10  SCV x2, Marine x5  
  77  6:13  Medivac, Siege Tank  
  82  6:19  Medivac  
  82  6:22  SCV x2  
  86  6:27  Command Center  
  86  6:28  Marine x4  
  90  6:33  Supply Depot  
  90  6:35  Refinery, SCV x2, Marine  
  93  6:46  Marine  
  94  7:01  Marauder, Marine  
  96  7:02  Marine x2  
  96  7:03  Marine, Siege Tank  
  96  7:05  Medivac  
  105  7:25  Marine x4  
  105  7:26  Marine  
  110  7:39  Siege Tank  
  110  7:43  Marine x2  
  106  7:59  Marine x3  
  106  8:00  Marine  
  106  8:01  Marine  
  116  8:35  Engineering Bay  
  116  8:36  Armory  
Show
View Real Time Build Order
Export as new Build Order

SteakRamsay Zerg - Winner!

Build Orders: Hatch First 

Get SALT Encoding   

  12  0:00  Drone  
  13  0:12  Overlord  
  13  0:17  Drone  
  14  0:30  Drone x2  
  16  0:41  Drone  
  17  0:58  Hatchery  
  17  1:01  Drone x2  
  18  1:17  Extractor, Spawning Pool  
  16  1:19  Drone  
  16  1:22  Drone  
  18  1:28  Drone  
  19  1:42  Overlord  
  19  2:03  Queen  
  19  2:04  Zergling x2  
  19  2:05  Zergling x2  
  23  2:15  Drone  
  24  2:16  Drone  
  24  2:17  Queen  
  27  2:27  Drone  
  27  2:28  Drone  
  27  2:29  Metabolic Boost  
  29  2:31  Drone  
  30  2:41  Overlord  
  30  2:42  Drone  
  30  2:43  Drone  
  32  2:53  Drone, Queen  
  35  3:09  Drone  
  36  3:14  Drone  
  36  3:17  Drone x2  
  36  3:18  Drone, Overlord  
  36  3:19  Drone x2  
  42  3:28  Lair  
  42  3:29  Extractor  
  42  3:31  Drone  
  42  3:32  Drone  
  43  3:40  Drone x2  
  45  3:45  Evolution Chamber  
  44  3:52  Drone  
  44  3:54  Drone  
  46  3:55  Extractor  
  46  3:57  Drone  
  46  4:09  Zergling x4  
  48  4:14  Drone x2  
  50  4:21  Zerg Missile Weapons Level 1  
  50  4:25  Roach Warren  
  50  4:26  Drone  
  50  4:27  Drone  
  51  4:43  Overlord x2  
  51  4:57  Overlord  
  51  4:58  Overlord  
  51  5:07  Extractor  
  51  5:08  Overlord  
  50  5:17  Roach x5  
  50  5:18  Hatchery  
  50  5:20  Roach  
  50  5:21  Glial Reconstitution, Roach x2  
  65  5:27  Roach x4  
  65  5:28  Roach  
  75  5:44  Overlord x2  
  75  5:50  Drone  
  75  5:51  Evolution Chamber  
  75  5:52  Drone x3  
  78  5:58  Drone x3  
  78  5:59  Drone  
  82  6:05  Ravager x5  
  82  6:08  Zergling x4  
  89  6:15  Zergling x2  
  89  6:16  Zerg Ground Armor Level 1  
  90  6:24  Roach x2  
  90  6:25  Roach x2  
  98  6:27  Zergling x2  
  98  6:30  Zergling x2, Overlord x2  
  98  6:31  Zergling x2  
  98  6:32  Queen  
  103  6:45  Roach x2  
  103  6:46  Roach x2  
  111  6:52  Roach x5  
  121  6:57  Ravager  
  121  7:00  Ravager  
  123  7:05  Overseer  
  124  7:08  Drone x3  
  124  7:11  Extractor  
  121  7:32  Roach x4  
  121  7:33  Roach  
  117  7:45  Roach x4  
  117  7:46  Roach x2  
  117  7:47  Overlord x3  
  129  7:59  Zergling x2  
  130  8:11  Roach x5  
  130  8:12  Roach x3  
Tags
 
Add a new tag
Caveats
  • Supply blocks, unpowered buildings, or Contaminate may cause inaccurate times.
  • Supply counts are checked every 10 seconds.